NYP
IDAHO FALLS CHUKARS @ CONNECTICUT TIGERS
08/04/2044
 
TOP OF THE 1ST
Idaho Falls Chukars batting - Pitching for Connecticut Tigers : RHP Matt Sturge
Pitching: RHP Matt Sturge
Batting: RHB Chad Sullivan 0-0: Called Strike
0-1: Swinging Strike
0-2: Foul Ball, location: 2F
0-2: Strikes out swinging
Batting: RHB Eric Erickson 0-0: Called Strike
0-1: Ball
1-1: SINGLE (Line Drive, 3D, EV 105.0 MPH)
Batting: RHB Edite Leoni 0-0: Ball
Eric Erickson steals 2nd base
1-0: Called Strike
Eric Erickson steals 3rd base
1-1: Ground out 5-3 (Groundball, 56S, EV 70.6 MPH)
Eric Erickson scores
Batting: RHB Ken Postlethwaite 0-0: Ball
1-0: Called Strike
1-1: Foul Ball, location: 2F
1-2: Foul Ball, location: 2F
1-2: Strikes out swinging
Top of the 1st over - 1 run, 1 hit, 0 errors, 0 left on base; Idaho Falls 1 - Connecticut 0
BOTTOM OF THE 1ST
Connecticut Tigers batting - Pitching for Idaho Falls Chukars : RHP Kevin Allen
Pitching: RHP Kevin Allen
Batting: RHB John Welch 0-0: Ball
1-0: Ground out 5-3 (Groundball, 56S, EV 66.9 MPH)
Batting: RHB Eric Angelle 0-0: Swinging Strike
0-1: Foul Ball, location: 2F
0-2: Ball
1-2: Ground out 6-3 (Groundball, 6, EV 101.9 MPH)
Batting: RHB Aaron Cusick 0-0: DOUBLE (Flyball, 8LD, EV 108.8 MPH)
Batting: RHB Keith Hoffman 0-0: Ball
1-0: Called Strike
1-1: Ball
2-1: Called Strike
2-2: Ball
3-2: Foul Ball, location: 2F
3-2: Base on Balls
Batting: RHB Tanner Purchase 0-0: 3-RUN HOME RUN (Flyball, 78XD, EV 116.3 MPH), Distance : 446 ft
Batting: RHB Brandon O'Malley 0-0: Called Strike
0-1: Ball
1-1: Ball
2-1: TRIPLE (Line Drive, 7D, EV 113.1 MPH)
Pitching: LHP Chris Shoemaker
Batting: LHB Miguel Bojorquez 0-0: Called Strike
0-1: Fly out, F2 (Popup, 5SF, EV 75.0 MPH)
Bottom of the 1st over - 3 runs, 3 hits, 0 errors, 1 left on base; Idaho Falls 1 - Connecticut 3
TOP OF THE 2ND
Idaho Falls Chukars batting - Pitching for Connecticut Tigers : RHP Matt Sturge
Batting: LHB Joe Cozart 0-0: Ball
1-0: Ball
2-0: Fly out, F8 (Flyball, 8LM, EV 72.5 MPH)
Batting: RHB Ben Minge 0-0: Foul Ball, location: 2F
0-1: Ball
1-1: Foul Ball, location: 2F
1-2: Strikes out swinging
Batting: RHB Edwin Ramos 0-0: Called Strike
0-1: Ball
1-1: Foul Ball, location: 2F
1-2: Strikes out swinging
Top of the 2nd over - 0 runs, 0 hits, 0 errors, 0 left on base; Idaho Falls 1 - Connecticut 3
BOTTOM OF THE 2ND
Connecticut Tigers batting - Pitching for Idaho Falls Chukars : LHP Chris Shoemaker
Batting: RHB Jamie Bass 0-0: Ball
1-0: Ball
2-0: Swinging Strike
2-1: Ball
3-1: Base on Balls
Batting: RHB Riley Menger 0-0: Fielders Choice at 2nd, 5-4 (Groundball, 56S, EV 88.8 MPH)
Batting: RHB John Welch 0-0: Foul Ball, location: 2F
0-1: Ball
1-1: Ball
2-1: Foul Ball, location: 2F
2-2: Ball
3-2: Base on Balls
Riley Menger to second
Batting: RHB Eric Angelle 0-0: Ball
1-0: Foul Ball, location: 2F
1-1: Ball
2-1: 3-RUN HOME RUN (Line Drive, 9D, EV 99.4 MPH), Distance : 391 ft
Batting: RHB Aaron Cusick 0-0: Ball
1-0: Ball
2-0: Swinging Strike
2-1: DOUBLE (Line Drive, 7LS, EV 98.8 MPH)
Batting: RHB Keith Hoffman 0-0: Called Strike
0-1: Fly out, F5 (Popup, 56S, EV 68.8 MPH)
Batting: RHB Tanner Purchase 0-0: Ball
1-0: Called Strike
1-1: Ball
2-1: Foul Ball, location: 2F
2-2: Ball
3-2: Base on Balls
Batting: RHB Brandon O'Malley 0-0: SINGLE (Groundball, 56D, EV 102.5 MPH)
Aaron Cusick to third
Tanner Purchase to second
Runner from 3rd tries for Home, SAFE, throw by LF to home
Batting: LHB Miguel Bojorquez 0-0: Called Strike
0-1: DOUBLE (Flyball, 78XD, EV 106.9 MPH)
Tanner Purchase scores
Brandon O'Malley to third
Batting: RHB Jamie Bass 0-0: Ball
1-0: Ball
2-0: Called Strike
2-1: Swinging Strike
2-2: Ground out 1-3 (Groundball, P, EV 63.8 MPH)
Bottom of the 2nd over - 5 runs, 4 hits, 0 errors, 2 left on base; Idaho Falls 1 - Connecticut 8
TOP OF THE 3RD
Idaho Falls Chukars batting - Pitching for Connecticut Tigers : RHP Matt Sturge
Batting: LHB Randy Stapleton 0-0: Ball
1-0: Foul Ball, location: 2F
1-1: Ball
2-1: Foul Ball, location: 2F
2-2: Foul Ball, location: 2F
2-2: Foul Ball, location: 2F
2-2: Foul Ball, location: 2F
2-2: DOUBLE (Line Drive, 89D, EV 102.5 MPH)
Batting: RHB Timotheus Cooper 0-0: Called Strike
0-1: Swinging Strike
0-2: Ball
1-2: Fly out, F8 (Flyball, 8RD, EV 94.4 MPH)
Batting: RHB Chad Sullivan 0-0: Ball
1-0: Swinging Strike
1-1: Foul Ball, location: 2F
1-2: Ball
2-2: Strikes out swinging
Batting: RHB Eric Erickson 0-0: Swinging Strike
0-1: Ball
1-1: Ball
2-1: Called Strike
2-2: Foul Ball, location: 2F
2-2: Ball
3-2: Strikes out swinging
Top of the 3rd over - 0 runs, 1 hit, 0 errors, 1 left on base; Idaho Falls 1 - Connecticut 8
BOTTOM OF THE 3RD
Connecticut Tigers batting - Pitching for Idaho Falls Chukars : LHP Chris Shoemaker
Batting: RHB Riley Menger 0-0: Swinging Strike
0-1: SINGLE (Line Drive, 78M, EV 92.5 MPH)
Batting: RHB John Welch 0-0: Ball
Wild Pitch!
Riley Menger to second
1-0: TRIPLE (Flyball, 78XD, EV 104.4 MPH)
Riley Menger scores
Batting: RHB Eric Angelle 0-0: Ball
1-0: Called Strike
1-1: Swinging Strike
1-2: SINGLE (Line Drive, 8LS, EV 111.3 MPH)
John Welch scores
Batting: RHB Aaron Cusick 0-0: Ball
1-0: Called Strike
1-1: DOUBLE (Line Drive, 9LS, EV 104.4 MPH)
Eric Angelle to third
Runner from 3rd tries for Home, throw by RF and OUT! 9-4-2
Aaron Cusick to third
Batting: RHB Keith Hoffman 0-0: Ball
1-0: Ball
2-0: Ball
3-0: Called Strike
3-1: Base on Balls
Batting: RHB Tanner Purchase 0-0: Ball
1-0: Foul Ball, location: 2F
1-1: SINGLE (Groundball, 4S, EV 71.3 MPH) (infield hit)
Aaron Cusick scores
Keith Hoffman to second
Pitching: LHP John Wagner
Batting: RHB Brandon O'Malley 0-0: Called Strike
0-1: Hit by Pitch
Keith Hoffman to third
Tanner Purchase to second
Batting: LHB Miguel Bojorquez 0-0: Fly out, F6 (Line Drive, 6, EV 63.1 MPH)
Batting: RHB Jamie Bass Balk!
Keith Hoffman scores
Tanner Purchase to third
Brandon O'Malley to second
0-0: Ball
1-0: Ground out 5-3 (Groundball, 56, EV 102.5 MPH)
Bottom of the 3rd over - 4 runs, 5 hits, 0 errors, 2 left on base; Idaho Falls 1 - Connecticut 12
TOP OF THE 4TH
Idaho Falls Chukars batting - Pitching for Connecticut Tigers : RHP Matt Sturge
Batting: RHB Edite Leoni 0-0: Called Strike
0-1: Fly out, F8 (Flyball, 89D, EV 88.1 MPH)
Batting: RHB Ken Postlethwaite 0-0: Ball
1-0: Called Strike
1-1: Ball
2-1: Foul Ball, location: 2F
2-2: Strikes out looking
Batting: LHB Joe Cozart 0-0: Ball
1-0: Ball
2-0: Swinging Strike
2-1: Ball
3-1: Base on Balls
Batting: RHB Ben Minge 0-0: Ball
1-0: Swinging Strike
Passed Ball!
Joe Cozart to second
1-1: Ball
2-1: Foul Ball, location: 2F
2-2: SINGLE (Line Drive, 4MD, EV 95.0 MPH)
Joe Cozart to third
Batting: RHB Edwin Ramos 0-0: Called Strike
0-1: Swinging Strike
0-2: Ground out 6-3 (Groundball, 6M, EV 101.9 MPH)
Top of the 4th over - 0 runs, 1 hit, 0 errors, 2 left on base; Idaho Falls 1 - Connecticut 12
BOTTOM OF THE 4TH
Connecticut Tigers batting - Pitching for Idaho Falls Chukars : LHP John Wagner
Batting: RHB Riley Menger 0-0: Ball
1-0: Called Strike
1-1: Foul Ball, location: 2F
1-2: Ball
2-2: Hit by Pitch
Batting: RHB John Welch 0-0: Ball
1-0: Fly out, F1 (Line Drive, P, EV 66.3 MPH)
Batting: RHB Eric Angelle 0-0: Called Strike
0-1: Foul Ball, location: 2F
0-2: Ball
1-2: Ball
2-2: Ball
3-2: Base on Balls
Riley Menger to second
Pitching: RHP Nate De Jongh
Batting: RHB Aaron Cusick 0-0: Called Strike
0-1: SINGLE (Line Drive, 6MD, EV 94.4 MPH)
Riley Menger to third
Eric Angelle to second
Batting: RHB Keith Hoffman 0-0: Ball
1-0: SINGLE (Groundball, 6MD, EV 100.0 MPH)
Riley Menger scores
Eric Angelle to third
Aaron Cusick to second
Runner from 3rd tries for Home, SAFE, throw by CF to home
Batting: RHB Tanner Purchase 0-0: Ball
1-0: Called Strike
1-1: Called Strike
1-2: Foul Ball, location: 2F
1-2: Ball
2-2: Strikes out looking
Batting: RHB Brandon O'Malley 0-0: Called Strike
0-1: Foul Ball, location: 2F
0-2: Ball
1-2: Foul Ball, location: 2F
1-2: Ball
2-2: SINGLE (Line Drive, 89S, EV 88.8 MPH)
Aaron Cusick to third
Keith Hoffman to second
Runner from 3rd tries for Home, SAFE, throw by RF to home
Batting: LHB Miguel Bojorquez Balk!
Keith Hoffman to third
Brandon O'Malley to second
0-0: Called Strike
0-1: Ball
1-1: Ball
2-1: SINGLE (Groundball, 6MD, EV 100.0 MPH)
Keith Hoffman scores
Brandon O'Malley to third
Runner from 3rd tries for Home, SAFE, throw by CF to home
Pitching: RHP Eric Dyer
Batting: RHB Jamie Bass 0-0: Called Strike
0-1: Swinging Strike
0-2: Strikes out swinging
Bottom of the 4th over - 5 runs, 4 hits, 0 errors, 1 left on base; Idaho Falls 1 - Connecticut 17
TOP OF THE 5TH
Idaho Falls Chukars batting - Pitching for Connecticut Tigers : RHP Matt Sturge
Batting: LHB Randy Stapleton 0-0: Foul Ball, location: 2F
0-1: Ball
1-1: Ball
2-1: Called Strike
2-2: Ball
3-2: TRIPLE (Flyball, 7D, EV 98.8 MPH)
Batting: RHB Timotheus Cooper 0-0: Foul Ball, location: 2F
0-1: Foul Ball, location: 2F
0-2: Ground out U3 (Groundball, 34, EV 86.3 MPH)
Randy Stapleton scores
Batting: RHB Chad Sullivan 0-0: Foul Ball, location: 2F
0-1: Ball
1-1: Swinging Strike
1-2: Strikes out swinging
Batting: RHB Eric Erickson 0-0: Ground out U3 (Groundball, 3, EV 80.6 MPH)
Top of the 5th over - 1 run, 1 hit, 0 errors, 0 left on base; Idaho Falls 2 - Connecticut 17
BOTTOM OF THE 5TH
Connecticut Tigers batting - Pitching for Idaho Falls Chukars : RHP Eric Dyer
Batting: RHB Riley Menger 0-0: Ball
1-0: Ball
2-0: Called Strike
2-1: Ball
3-1: Base on Balls
Batting: RHB John Welch 0-0: Ball
1-0: Fielders Choice at 2nd, 5-4 (Groundball, 5L, EV 78.1 MPH)
Batting: RHB Eric Angelle 0-0: Ball
1-0: Swinging Strike
1-1: Ball
2-1: Swinging Strike
2-2: Ball
Wild Pitch!
John Welch to second
3-2: Foul Ball, location: 2F
3-2: Base on Balls
Batting: RHB Aaron Cusick 0-0: Called Strike
0-1: Ball
1-1: Foul Ball, location: 2F
1-2: Foul Ball, location: 2F
1-2: DOUBLE (Flyball, 89D, EV 102.5 MPH)
John Welch scores
Eric Angelle to third
Pitching: RHP Jeremy Haun
Batting: RHB Keith Hoffman 0-0: Ball
1-0: Foul Ball, location: 2F
1-1: Foul Ball, location: 2F
1-2: Fly out, F8 (Flyball, 8RD, EV 91.9 MPH)
Runner from 3rd tags up, SCORES, no throw by CF
Batting: RHB Tanner Purchase 0-0: SINGLE (Line Drive, 9S, EV 99.4 MPH)
Aaron Cusick to third
Runner from 3rd tries for Home, SAFE, throw by RF to home
Batting: RHB Brandon O'Malley 0-0: Ball
1-0: Ball
2-0: Called Strike
2-1: Foul Ball, location: 2F
2-2: Foul Ball, location: 2F
2-2: Strikes out looking
Bottom of the 5th over - 3 runs, 2 hits, 0 errors, 1 left on base; Idaho Falls 2 - Connecticut 20
TOP OF THE 6TH
Idaho Falls Chukars batting - Pitching for Connecticut Tigers : RHP Matt Sturge
Batting: RHB Edite Leoni 0-0: Called Strike
0-1: Swinging Strike
0-2: SINGLE (Line Drive, 78S, EV 101.9 MPH)
Batting: RHB Ken Postlethwaite 0-0: Called Strike
0-1: Swinging Strike
0-2: Ball
1-2: Strikes out swinging
Batting: LHB Joe Cozart 0-0: Ball
1-0: Fly out, F7 (Line Drive, 7D, EV 85.6 MPH)
Batting: RHB Ben Minge 0-0: Ball
1-0: Foul Ball, location: 2F
1-1: Ball
2-1: Ball
3-1: Base on Balls
Edite Leoni to second
Pitching: RHP David Esposito
Batting: RHB Edwin Ramos 0-0: SINGLE (Line Drive, 34D, EV 103.8 MPH)
Edite Leoni to third
Ben Minge to second
Batting: LHB Randy Stapleton 0-0: Called Strike
0-1: Ball
1-1: Foul Ball, location: 2F
1-2: Ball
2-2: Ball
3-2: Base on Balls
Edite Leoni scores
Ben Minge to third
Edwin Ramos to second
Batting: RHB Timotheus Cooper 0-0: Ball
1-0: Ground out 6-3 (Groundball, 6S, EV 84.4 MPH)
Top of the 6th over - 1 run, 2 hits, 0 errors, 3 left on base; Idaho Falls 3 - Connecticut 20
BOTTOM OF THE 6TH
Connecticut Tigers batting - Pitching for Idaho Falls Chukars : RHP Jeremy Haun
Batting: LHB Miguel Bojorquez 0-0: Ground out 5-3 (Groundball, 56, EV 101.3 MPH)
Batting: RHB Jamie Bass 0-0: Ball
1-0: Swinging Strike
1-1: Fly out, F9 (Flyball, 9LM, EV 99.4 MPH)
Batting: RHB Riley Menger 0-0: Called Strike
0-1: Hit by Pitch
Batting: RHB John Welch 0-0: Swinging Strike
0-1: Foul Ball, location: 2F
Balk!
Riley Menger to second
0-2: Foul Ball, location: 2F
0-2: SINGLE (Line Drive, 4D, EV 96.9 MPH)
Riley Menger to third
Batting: RHB Eric Angelle 0-0: Ball
1-0: Called Strike
Balk!
Riley Menger scores
John Welch to second
Balk!
John Welch to third
1-1: Ball
2-1: Called Strike
2-2: Fly out, F9 (Flyball, 9S, EV 96.9 MPH)
Bottom of the 6th over - 1 run, 1 hit, 0 errors, 1 left on base; Idaho Falls 3 - Connecticut 21
TOP OF THE 7TH
Idaho Falls Chukars batting - Pitching for Connecticut Tigers : RHP David Esposito
Batting: RHB Chad Sullivan 0-0: Foul Ball, location: 2F
0-1: Foul Ball, location: 2F
0-2: Ball
1-2: Ball
2-2: Strikes out swinging
Batting: RHB Eric Erickson 0-0: Ball
1-0: Called Strike
1-1: Called Strike
1-2: Ball
2-2: Strikes out looking
Batting: RHB Edite Leoni 0-0: Fly out, F7 (Flyball, 78D, EV 86.9 MPH)
Top of the 7th over - 0 runs, 0 hits, 0 errors, 0 left on base; Idaho Falls 3 - Connecticut 21
BOTTOM OF THE 7TH
Connecticut Tigers batting - Pitching for Idaho Falls Chukars : RHP Jeremy Haun
Batting: RHB Aaron Cusick 0-0: Foul Ball, location: 2F
0-1: Ball
1-1: Ball
2-1: Ball
3-1: Foul Ball, location: 2F
3-2: Base on Balls
Batting: RHB Keith Hoffman 0-0: Called Strike
0-1: DOUBLE (Flyball, 89D, EV 105.0 MPH)
Aaron Cusick to third
Batting: RHB Tanner Purchase 0-0: Ball
1-0: Called Strike
1-1: SINGLE (Line Drive, 8LS, EV 91.9 MPH)
Aaron Cusick scores
Keith Hoffman to third
Batting: RHB Brandon O'Malley 0-0: Ball
1-0: Called Strike
1-1: Ball
2-1: Ball
3-1: Foul Ball, location: 2F
3-2: Base on Balls
Tanner Purchase to second
Batting: LHB Miguel Bojorquez 0-0: Ball
1-0: DOUBLE (Line Drive, 89D, EV 106.3 MPH)
Keith Hoffman scores
Tanner Purchase scores
Brandon O'Malley to third
Batting: RHB Jamie Bass 0-0: Ball
1-0: Ball
Passed Ball!
Brandon O'Malley scores
Miguel Bojorquez to third
2-0: Ball
3-0: Base on Balls
Batting: RHB Riley Menger 0-0: Ball
1-0: Swinging Strike
1-1: Ball
Passed Ball!
Miguel Bojorquez scores
Jamie Bass to second
2-1: Ball
3-1: Base on Balls
Batting: RHB John Welch 0-0: SINGLE (Line Drive, 78M, EV 100.0 MPH)
Jamie Bass to third
Riley Menger to second
Batting: RHB Eric Angelle 0-0: Called Strike
0-1: Foul Ball, location: 2F
0-2: Foul Ball, location: 2F
0-2: Ball
1-2: Ball
Wild Pitch!
Jamie Bass scores
Riley Menger to third
John Welch to second
2-2: Ball
3-2: Base on Balls
Batting: RHB Aaron Cusick 0-0: Ball
1-0: Ball
2-0: Ball
3-0: Base on Balls
Riley Menger scores
John Welch to third
Eric Angelle to second
Batting: RHB Keith Hoffman 0-0: Ball
1-0: Ball
2-0: Ball
3-0: Called Strike
3-1: Base on Balls
John Welch scores
Eric Angelle to third
Aaron Cusick to second
Batting: RHB Tanner Purchase 0-0: Fly out, F9 (Flyball, 9D, EV 104.4 MPH)
Batting: RHB Brandon O'Malley 0-0: Fly out, F8 (Flyball, 8RD, EV 90.0 MPH)
Runner from 3rd tags up, SCORES, throw by CF
Batting: LHB Miguel Bojorquez 0-0: Ground out 3-1 (Groundball, 34, EV 83.8 MPH)
Bottom of the 7th over - 9 runs, 4 hits, 0 errors, 2 left on base; Idaho Falls 3 - Connecticut 30
TOP OF THE 8TH
Idaho Falls Chukars batting - Pitching for Connecticut Tigers : RHP David Esposito
Batting: RHB Ken Postlethwaite 0-0: Ball
1-0: Ground out 4-3 (Groundball, 4, EV 88.8 MPH)
Batting: LHB Joe Cozart 0-0: Ball
1-0: Called Strike
1-1: DOUBLE (Line Drive, 9LM, EV 99.4 MPH)
Pitching: RHP Eddie Hodgson
Batting: RHB Ben Minge 0-0: Ball
1-0: Swinging Strike
1-1: Foul Ball, location: 2F
1-2: Fly out, F7 (Flyball, 7, EV 96.9 MPH)
Batting: RHB Edwin Ramos 0-0: Called Strike
0-1: Swinging Strike
0-2: Strikes out swinging
Top of the 8th over - 0 runs, 1 hit, 0 errors, 1 left on base; Idaho Falls 3 - Connecticut 30
BOTTOM OF THE 8TH
Connecticut Tigers batting - Pitching for Idaho Falls Chukars : RHP Jeremy Haun
Batting: RHB Jamie Bass 0-0: Ball
1-0: SINGLE (Groundball, 4D, EV 106.3 MPH)
Batting: RHB Riley Menger Balk!
Jamie Bass to second
0-0: Ball
1-0: Fly out, F9 (Flyball, 89D, EV 85.6 MPH)
Batting: RHB John Welch 0-0: Ball
Wild Pitch!
Jamie Bass to third
1-0: Ball
2-0: Ball
3-0: Called Strike
3-1: Base on Balls
Batting: RHB Eric Angelle 0-0: Called Strike
0-1: Fly out, F6 (Popup, 6MS, EV 68.8 MPH)
Batting: RHB Aaron Cusick 0-0: Ball
Wild Pitch!
Jamie Bass scores
John Welch to second
1-0: Ball
Wild Pitch!
John Welch to third
2-0: Ball
3-0: Called Strike
3-1: Foul Ball, location: 2F
Balk!
John Welch scores
3-2: Base on Balls
Batting: RHB Keith Hoffman 0-0: Ground out U3 (Groundball, 34S, EV 83.8 MPH)
Bottom of the 8th over - 2 runs, 1 hit, 0 errors, 1 left on base; Idaho Falls 3 - Connecticut 32
TOP OF THE 9TH
Idaho Falls Chukars batting - Pitching for Connecticut Tigers : RHP Eddie Hodgson
Batting: LHB Randy Stapleton 0-0: Ball
1-0: Foul Ball, location: 2F
1-1: Ball
2-1: Foul Ball, location: 2F
2-2: Strikes out looking
Batting: RHB Timotheus Cooper 0-0: Ball
1-0: Foul Ball, location: 2F
1-1: SINGLE (Groundball, 6MD, EV 99.4 MPH)
Batting: RHB Chad Sullivan 0-0: Ball
1-0: Fly out, F9 (Flyball, 89M, EV 71.9 MPH)
Batting: RHB Eric Erickson 0-0: Ball
1-0: Swinging Strike
1-1: Foul Ball, location: 2F
1-2: Foul Ball, location: 2F
1-2: Ball
2-2: Foul Ball, location: 2F
2-2: Strikes out swinging
Top of the 9th over - 0 runs, 1 hit, 0 errors, 1 left on base; Idaho Falls 3 - Connecticut 32
Thursday, March 31st , 2022 - OOTP Baseball 22.12 Build 89